| TOP OF THE 1ST |
|
Windy City ThunderBolts batting - Pitching for York Revolution : RHP Lida Sestak
|
|
Pitching: RHP Lida Sestak
|
|
|
Batting: RHB Enrique Gomez
|
0-0: Ball 1-0: Ball 2-0: Ball 3-0: Base on Balls
|
|
Batting: SHB Andres Agudo
|
0-0: Ball Enrique Gomez steals 2nd base 1-0: Ball 2-0: Ball 3-0: Foul Ball, location: 2F 3-1: Base on Balls
|
|
Batting: SHB Noah Long
|
0-0: Ball 1-0: Called Strike 1-1: Foul Ball, location: 2F 1-2: Ball 2-2: Strikes out looking
|
|
Batting: RHB Bill Stern
|
0-0: Called Strike 0-1: Ball Enrique Gomez steals 3rd base 1-1: Fly out, F3 (Popup, 3F, EV 75.0 MPH)
|
|
Batting: SHB Veit Geisler
|
0-0: Ball 1-0: 3-RUN HOME RUN (Flyball, 7D, EV 96.9 MPH), Distance : 378 ft
|
|
Batting: RHB Joe Thomas
|
0-0: Fly out, F8 (Flyball, 89M, EV 90.6 MPH)
|
| Top of the 1st over - 3 runs, 1 hit, 0 errors, 0 left on base; Windy City 3 - York 0 |
| BOTTOM OF THE 1ST |
|
York Revolution batting - Pitching for Windy City ThunderBolts : LHP Don Stanford
|
|
Pitching: LHP Don Stanford
|
|
|
Batting: LHB Jonathan Roman
|
0-0: Foul Ball, location: 2F 0-1: Ball 1-1: Ball 2-1: Ball 3-1: Fly out, F7 (Line Drive, 7LS, EV 100.0 MPH)
|
|
Batting: RHB Juan Valadez
|
0-0: Ball 1-0: Foul Ball, location: 2F 1-1: Ball 2-1: Ground out 6-3 (Groundball, 4MD, EV 97.5 MPH)
|
|
Batting: RHB Jose Corral
|
0-0: Called Strike 0-1: SOLO HOME RUN (Line Drive, 7LD, EV 93.8 MPH), Distance : 344 ft
|
|
Batting: LHB Eric Farren
|
0-0: Ball 1-0: Ball 2-0: Called Strike 2-1: Foul Ball, location: 2F 2-2: Fly out, F7 (Line Drive, 7, EV 86.9 MPH)
|
| Bottom of the 1st over - 1 run, 1 hit, 0 errors, 0 left on base; Windy City 3 - York 1 |
| TOP OF THE 2ND |
|
Windy City ThunderBolts batting - Pitching for York Revolution : RHP Lida Sestak
|
|
Batting: LHB Jose Pereyra
|
0-0: Called Strike 0-1: Foul Ball, location: 2F 0-2: Ball 1-2: Foul Ball, location: 2F 1-2: Ball 2-2: Fly out, F8 (Flyball, 8LD, EV 88.1 MPH)
|
|
Batting: RHB David Cortez
|
0-0: Ground out 5-3 (Groundball, 56, EV 98.8 MPH)
|
|
Batting: RHB David Laureano
|
0-0: Called Strike 0-1: Foul Ball, location: 2F 0-2: Ball 1-2: Ground out 6-3 (Groundball, 6, EV 85.0 MPH)
|
| Top of the 2nd over - 0 runs, 0 hits, 0 errors, 0 left on base; Windy City 3 - York 1 |
| BOTTOM OF THE 2ND |
|
York Revolution batting - Pitching for Windy City ThunderBolts : LHP Don Stanford
|
|
Batting: RHB Eddie Serna
|
0-0: Called Strike 0-1: Foul Ball, location: 2F 0-2: Ball 1-2: DOUBLE (Line Drive, 89D, EV 110.6 MPH)
|
|
Batting: SHB Steve DeRienzo
|
0-0: Ball 1-0: Ball 2-0: Ball 3-0: Base on Balls
|
|
Batting: RHB Ivan Barrientos
|
0-0: Ball 1-0: Ball 2-0: Called Strike 2-1: Ball 3-1: Base on Balls Eddie Serna to third Steve DeRienzo to second
|
|
Batting: RHB Simon Mergeni
|
0-0: Ball 1-0: Foul Ball, location: 2F 1-1: Called Strike 1-2: Ball 2-2: Foul Ball, location: 2F 2-2: Ball 3-2: Base on Balls Eddie Serna scores Steve DeRienzo to third Ivan Barrientos to second
|
|
Batting: RHB Alexis Graciani
|
0-0: Called Strike 0-1: SINGLE (Line Drive, 9S, EV 110.0 MPH) Steve DeRienzo scores Ivan Barrientos to third Simon Mergeni to second
|
|
Batting: LHB Jonathan Roman
|
0-0: Called Strike 0-1: Ball 1-1: Foul Ball, location: 2F 1-2: Ball 2-2: Ball 3-2: Fly out, F6 (Popup, 6MS, EV 71.9 MPH)
|
|
Batting: RHB Juan Valadez
|
0-0: Ball 1-0: Called Strike 1-1: SINGLE (Groundball, 34D, EV 105.6 MPH) Ivan Barrientos scores Simon Mergeni to third Alexis Graciani to second Runner from 3rd tries for Home, throw by RF and OUT! 9-2
|
|
Batting: RHB Jose Corral
|
0-0: Called Strike 0-1: Called Strike 0-2: Ball 1-2: Strikes out swinging
|
| Bottom of the 2nd over - 3 runs, 3 hits, 0 errors, 2 left on base; Windy City 3 - York 4 |
| TOP OF THE 3RD |
|
Windy City ThunderBolts batting - Pitching for York Revolution : RHP Lida Sestak
|
|
Batting: RHB Enrique Gomez
|
0-0: Ball 1-0: Foul Ball, location: 2F 1-1: Swinging Strike 1-2: Foul Ball, location: 2F 1-2: Ground out 2-3 (Groundball, 15S, EV 62.5 MPH)
|
|
Batting: SHB Andres Agudo
|
0-0: Foul Ball, location: 2F 0-1: Ball 1-1: Ball 2-1: Foul Ball, location: 2F 2-2: Foul Ball, location: 2F 2-2: Foul Ball, location: 2F 2-2: Strikes out looking
|
|
Batting: SHB Noah Long
|
0-0: Swinging Strike 0-1: Ball 1-1: Foul Ball, location: 2F 1-2: Strikes out looking
|
| Top of the 3rd over - 0 runs, 0 hits, 0 errors, 0 left on base; Windy City 3 - York 4 |
| BOTTOM OF THE 3RD |
|
York Revolution batting - Pitching for Windy City ThunderBolts : LHP Don Stanford
|
|
Batting: LHB Eric Farren
|
0-0: Ball 1-0: Ball 2-0: Called Strike 2-1: Swinging Strike 2-2: Strikes out swinging
|
|
Batting: RHB Eddie Serna
|
0-0: Ball 1-0: Called Strike 1-1: Ground out 5-3 (Groundball, 56S, EV 81.2 MPH)
|
|
Batting: SHB Steve DeRienzo
|
0-0: Called Strike 0-1: Ball 1-1: Ball 2-1: Foul Ball, location: 2F 2-2: Foul Ball, location: 2F 2-2: Ball 3-2: Foul Ball, location: 2F 3-2: Base on Balls
|
|
Batting: RHB Ivan Barrientos
|
0-0: Foul Ball, location: 2F 0-1: Called Strike 0-2: Strikes out looking
|
| Bottom of the 3rd over - 0 runs, 0 hits, 0 errors, 1 left on base; Windy City 3 - York 4 |
| TOP OF THE 4TH |
|
Windy City ThunderBolts batting - Pitching for York Revolution : RHP Lida Sestak
|
|
Batting: RHB Bill Stern
|
0-0: Called Strike 0-1: Ball 1-1: Ball 2-1: Swinging Strike 2-2: Strikes out swinging
|
|
Batting: SHB Veit Geisler
|
0-0: Ball 1-0: Called Strike 1-1: Ball 2-1: Foul Ball, location: 2F 2-2: Ball 3-2: Strikes out swinging
|
|
Batting: RHB Joe Thomas
|
0-0: Foul Ball, location: 2F 0-1: SINGLE (Flyball, 4D, EV 95.0 MPH)
|
|
Batting: LHB Jose Pereyra
|
0-0: Ball 1-0: Called Strike 1-1: Ground out 4-3 (Groundball, 34, EV 99.4 MPH)
|
| Top of the 4th over - 0 runs, 1 hit, 0 errors, 1 left on base; Windy City 3 - York 4 |
| BOTTOM OF THE 4TH |
|
York Revolution batting - Pitching for Windy City ThunderBolts : LHP Don Stanford
|
|
Batting: RHB Simon Mergeni
|
0-0: Ball 1-0: Called Strike 1-1: Ball 2-1: Ball 3-1: Foul Ball, location: 2F 3-2: Strikes out swinging
|
|
Batting: RHB Alexis Graciani
|
0-0: Ball 1-0: Ball 2-0: Foul Ball, location: 2F 2-1: Ball 3-1: Base on Balls
|
|
Batting: LHB Jonathan Roman
|
0-0: Called Strike 0-1: Ball 1-1: Called Strike 1-2: Ball Wild Pitch! Alexis Graciani to second 2-2: Ball 3-2: Strikes out swinging
|
|
Pitching: LHP Humberto Carrera
|
|
|
Batting: RHB Juan Valadez
|
0-0: Ball 1-0: Ball 2-0: Ground out 6-3 (Groundball, 6D, EV 90.6 MPH)
|
| Bottom of the 4th over - 0 runs, 0 hits, 0 errors, 1 left on base; Windy City 3 - York 4 |
| TOP OF THE 5TH |
|
Windy City ThunderBolts batting - Pitching for York Revolution : RHP Lida Sestak
|
|
Batting: RHB David Cortez
|
0-0: Ball 1-0: Ground out 6-3 (Groundball, 6, EV 84.4 MPH)
|
|
Batting: RHB David Laureano
|
0-0: Ball 1-0: Fly out, F7 (Flyball, 78M, EV 87.5 MPH)
|
|
Batting: RHB Enrique Gomez
|
0-0: Ball 1-0: Called Strike 1-1: Ball 2-1: Swinging Strike 2-2: Ball 3-2: Base on Balls
|
|
Batting: SHB Andres Agudo
|
0-0: Ball 1-0: Ball 2-0: Ball 3-0: Called Strike 3-1: Called Strike 3-2: Strikes out swinging
|
| Top of the 5th over - 0 runs, 0 hits, 0 errors, 1 left on base; Windy City 3 - York 4 |
| BOTTOM OF THE 5TH |
|
York Revolution batting - Pitching for Windy City ThunderBolts : LHP Humberto Carrera
|
|
Batting: RHB Jose Corral
|
0-0: Called Strike 0-1: Ball 1-1: Ball 2-1: Ball 3-1: Base on Balls
|
|
Batting: LHB Eric Farren
|
0-0: Called Strike 0-1: Swinging Strike 0-2: Strikes out swinging
|
|
Batting: RHB Eddie Serna
|
0-0: Ball 1-0: Ball 2-0: Ball 3-0: Called Strike 3-1: Base on Balls Jose Corral to second
|
|
Batting: SHB Steve DeRienzo
|
0-0: Called Strike 0-1: Swinging Strike 0-2: Ball 1-2: Ball 2-2: Grounds into double play, 5-4-3 (Groundball, 56, EV 104.4 MPH)
|
| Bottom of the 5th over - 0 runs, 0 hits, 0 errors, 1 left on base; Windy City 3 - York 4 |
| TOP OF THE 6TH |
|
Windy City ThunderBolts batting - Pitching for York Revolution : RHP Lida Sestak
|
|
Pitching: RHP Hugo Rodriguez
|
|
|
Batting: SHB Noah Long
|
0-0: Called Strike 0-1: Ball 1-1: Ball 2-1: Ball 3-1: Base on Balls
|
|
Batting: RHB Bill Stern
|
0-0: Ball 1-0: Called Strike 1-1: SINGLE (Line Drive, 8RS, EV 110.6 MPH) Noah Long to second
|
|
Batting: SHB Veit Geisler
|
0-0: Called Strike 0-1: Ball 1-1: Foul Ball, location: 2F 1-2: Fielders Choice at 2nd, 4-6 (Groundball, 4, EV 85.6 MPH) Noah Long to third
|
|
Batting: RHB Joe Thomas
|
0-0: Ball 1-0: Ground out 5-3 (Groundball, 56S, EV 91.2 MPH) Veit Geisler to second
|
|
Pinch Hitting: RHB Francisco Marin
|
0-0: Ball 1-0: Ball 2-0: Ball 3-0: Called Strike 3-1: Base on Balls
|
|
Batting: RHB David Cortez
|
0-0: Fly out, F8 (Flyball, 89M, EV 92.5 MPH)
|
| Top of the 6th over - 0 runs, 1 hit, 0 errors, 3 left on base; Windy City 3 - York 4 |
| BOTTOM OF THE 6TH |
|
York Revolution batting - Pitching for Windy City ThunderBolts : LHP Humberto Carrera
|
|
Now in LF: Eddie Dimas
|
|
|
Batting: RHB Ivan Barrientos
|
0-0: Ball 1-0: Called Strike 1-1: Fly out, F7 (Flyball, 78XD, EV 94.4 MPH)
|
|
Batting: RHB Simon Mergeni
|
0-0: Foul Ball, location: 2F 0-1: Called Strike 0-2: Foul Ball, location: 2F 0-2: Ground out U3 (Groundball, 3, EV 97.5 MPH)
|
|
Batting: RHB Alexis Graciani
|
0-0: Fly out, F8 (Line Drive, 8RD, EV 108.1 MPH)
|
| Bottom of the 6th over - 0 runs, 0 hits, 0 errors, 0 left on base; Windy City 3 - York 4 |
| TOP OF THE 7TH |
|
Windy City ThunderBolts batting - Pitching for York Revolution : RHP Hugo Rodriguez
|
|
Pitching: RHP Tony Machado
|
|
|
Batting: RHB David Laureano
|
0-0: Ball 1-0: Foul Ball, location: 2F 1-1: Ball 2-1: Foul Ball, location: 2F 2-2: Foul Ball, location: 2F 2-2: Ground out U3 (Groundball, 34, EV 88.1 MPH)
|
|
Batting: RHB Enrique Gomez
|
0-0: Ball 1-0: Foul Ball, location: 2F 1-1: Ball 2-1: Foul Ball, location: 2F 2-2: Ball 3-2: Base on Balls
|
|
Batting: SHB Andres Agudo
|
0-0: Called Strike 0-1: Called Strike 0-2: Strikes out looking
|
|
Batting: SHB Noah Long
|
0-0: Ball 1-0: Called Strike Enrique Gomez steals 2nd base 1-1: Ball 2-1: Foul Ball, location: 2F 2-2: Ball 3-2: Base on Balls
|
|
Pinch Hitting: RHB Brad Adams Jr.
|
0-0: Called Strike 0-1: Fly out, F9 (Line Drive, 9S, EV 88.1 MPH)
|
| Top of the 7th over - 0 runs, 0 hits, 0 errors, 2 left on base; Windy City 3 - York 4 |
| BOTTOM OF THE 7TH |
|
York Revolution batting - Pitching for Windy City ThunderBolts : LHP Humberto Carrera
|
|
Pitching: LHP Keith O'Brien
|
|
|
Now at 1B: Brad Adams Jr.
|
|
|
Batting: LHB Jonathan Roman
|
0-0: Ball 1-0: Ball 2-0: Ball 3-0: Base on Balls
|
|
Batting: RHB Juan Valadez
|
0-0: Ball 1-0: Swinging Strike 1-1: Called Strike 1-2: Ball 2-2: Foul Ball, location: 2F 2-2: Foul Ball, location: 2F 2-2: Ball 3-2: Base on Balls Jonathan Roman to second
|
|
Batting: RHB Jose Corral
|
0-0: Swinging Strike 0-1: Called Strike 0-2: Ball 1-2: Strikes out swinging
|
|
Batting: LHB Eric Farren
|
0-0: Called Strike 0-1: Foul Ball, location: 2F 0-2: Fielders Choice at 2nd, 6-4 (Groundball, 6, EV 84.4 MPH) Jonathan Roman to third
|
|
Batting: RHB Eddie Serna
|
0-0: Called Strike 0-1: Ball 1-1: Ball 2-1: Ball 3-1: Foul Ball, location: 2F 3-2: Foul Ball, location: 2F 3-2: Base on Balls Eric Farren to second
|
|
Pitching: RHP George Crousse
|
|
|
Batting: SHB Steve DeRienzo
|
0-0: Called Strike 0-1: Foul Ball, location: 2F 0-2: Ball 1-2: Strikes out swinging
|
| Bottom of the 7th over - 0 runs, 0 hits, 0 errors, 3 left on base; Windy City 3 - York 4 |
| TOP OF THE 8TH |
|
Windy City ThunderBolts batting - Pitching for York Revolution : RHP Tony Machado
|
|
Pitching: LHP Ray Paul
|
|
|
Batting: SHB Veit Geisler
|
0-0: Called Strike 0-1: Ball 1-1: SINGLE (Groundball, 25, EV 68.8 MPH) (infield hit)
|
|
Batting: RHB Joe Thomas
|
0-0: Called Strike 0-1: Swinging Strike 0-2: Foul Ball, location: 2F 0-2: Ball 1-2: Foul Ball, location: 2LF, Error on foul ball, E2 1-2: Strikes out swinging
|
|
Batting: RHB Eddie Dimas
|
0-0: Called Strike 0-1: Foul Ball, location: 2F 0-2: Foul Ball, location: 2F 0-2: Ball 1-2: Strikes out swinging
|
|
Batting: RHB David Cortez
|
0-0: Ball 1-0: Ball 2-0: Fly out, F7 (Flyball, 7D, EV 93.8 MPH)
|
| Top of the 8th over - 0 runs, 1 hit, 1 error, 1 left on base; Windy City 3 - York 4 |
| BOTTOM OF THE 8TH |
|
York Revolution batting - Pitching for Windy City ThunderBolts : RHP George Crousse
|
|
Batting: RHB Ivan Barrientos
|
0-0: DOUBLE (Line Drive, 9LM, EV 100.0 MPH)
|
|
Batting: RHB Simon Mergeni
|
0-0: Intentional Walk
|
|
Pinch Hitting: SHB Dana Guthrie
|
0-0: Sac Bunt to 15 - play at first, batter OUT! 1-4 Ivan Barrientos to third Simon Mergeni to second
|
|
Batting: LHB Jonathan Roman
|
0-0: Intentional Walk
|
|
Batting: RHB Juan Valadez
|
0-0: Ball 1-0: Foul Ball, location: 2F 1-1: Called Strike 1-2: Ball Wild Pitch! Ivan Barrientos scores Simon Mergeni to third Jonathan Roman to second 2-2: Ball 3-2: Foul Ball, location: 2F 3-2: Foul Ball, location: 2F 3-2: Foul Ball, location: 2F 3-2: Base on Balls
|
|
Batting: RHB Jose Corral
|
0-0: Ball 1-0: Foul Ball, location: 2F 1-1: Foul Ball, location: 2F 1-2: Ball 2-2: Foul Ball, location: 2F 2-2: GRAND SLAM HOME RUN (Flyball, 78XD, EV 115.0 MPH), Distance : 460 ft
|
|
Pitching: RHP Jose Rodriguez
|
|
|
Batting: LHB Eric Farren
|
0-0: Foul Ball, location: 2F 0-1: Called Strike 0-2: Ball 1-2: Foul Ball, location: 2F 1-2: SINGLE (Line Drive, 78S, EV 93.1 MPH)
|
|
Batting: RHB Eddie Serna
|
0-0: Ball 1-0: Ground out 5-3 (Groundball, 56S, EV 65.6 MPH) Eric Farren to second
|
|
Batting: SHB Steve DeRienzo
|
0-0: Foul Ball, location: 2F 0-1: Foul Ball, location: 2F 0-2: Strikes out swinging
|
| Bottom of the 8th over - 5 runs, 3 hits, 0 errors, 1 left on base; Windy City 3 - York 9 |
| TOP OF THE 9TH |
|
Windy City ThunderBolts batting - Pitching for York Revolution : LHP Ray Paul
|
|
Now at 1B: Joel Gomez
|
|
|
Batting: RHB David Laureano
|
0-0: Ball 1-0: SINGLE (Line Drive, 4D, EV 98.1 MPH)
|
|
Batting: RHB Enrique Gomez
|
0-0: Ball 1-0: Ball 2-0: Ball 3-0: Base on Balls David Laureano to second
|
|
Batting: SHB Andres Agudo
|
0-0: Foul Ball, location: 2F 0-1: Foul Ball, location: 2F 0-2: Strikes out swinging
|
|
Batting: SHB Noah Long
|
0-0: Foul Ball, location: 2F 0-1: SINGLE (Line Drive, 3D, EV 106.9 MPH) David Laureano to third Enrique Gomez to second
|
|
Batting: RHB Brad Adams Jr.
|
0-0: Called Strike 0-1: Foul Ball, location: 2F 0-2: Foul Ball, location: 2F 0-2: Ball 1-2: Strikes out swinging
|
|
Batting: SHB Veit Geisler
|
0-0: Swinging Strike 0-1: Swinging Strike 0-2: Ball 1-2: Foul Ball, location: 2F 1-2: Ball 2-2: SINGLE (Groundball, 34D, EV 98.8 MPH) David Laureano scores Enrique Gomez to third Noah Long to second
|
|
Batting: RHB Joe Thomas
|
0-0: Ball 1-0: Foul Ball, location: 2F 1-1: Foul Ball, location: 2F 1-2: Strikes out swinging
|
| Top of the 9th over - 1 run, 3 hits, 0 errors, 3 left on base; Windy City 4 - York 9 |
|